 Dungeon Crawl Stone Soup version 0.28-a0-401-ge240ad9e29 (webtiles) character file.

Game seed: 1354906240292862957

1894 dolemite99 the Destroyer (level 8, -3/45 HPs)
             Began as a Deep Elf Conjurer on Sept 5, 2021.
             Was a Believer of Uskayaw.
             Slain by Harold (18 damage)
             ... on level 8 of the Dungeon.
             The game lasted 00:15:45 (10046 turns).

dolemite99 the Destroyer (Deep Elf Conjurer)       Turns: 10046, Time: 00:15:46

Health: -3/45      AC: 15    Str:  6    XL:     8   Next: 93%
Magic:  14/19      EV: 12    Int: 24    God:    Uskayaw [**....]
Gold:   95         SH:  0    Dex: 13    Spells: 3/20 levels left

rFire   . . .      SeeInvis .   a - +2 demon blade (pain)
rCold   . . .      Faith    .   (no shield)
rNeg    . . .      Spirit   .   J - +0 steam dragon scales
rPois   +          Reflect  .   o - +2 hat
rElec   .          Harm     .   k - +2 cloak
rCorr   .          Rampage  .   m - +2 pair of gloves
Will    .....                   y - +1 pair of boots
Stlth   ++........              (no amulet)
HPRegen 0.15/turn               I - ring of poison resistance
MPRegen 0.16/turn               (no ring)

@: no status effects
A: no striking features
a: Renounce Religion, Stomp, Line Pass


You were on level 8 of the Dungeon.
You worshipped Uskayaw.
Uskayaw was noncommittal.
You visited 1 branch of the dungeon, and saw 8 of its levels.

You collected 335 gold pieces.
You spent 240 gold pieces at shops.

Inventory:

Hand Weapons
 a - a +2 demon blade of pain (weapon)
 b - a +1 hunting sling of flaming
 h - a +3 quarterstaff of chaos
 i - a +0 whip
 j - a +2 spear
 n - a +0 short sword
 A - a +0 war axe
Missiles
 d - 158 stones
 g - 47 bolts
 p - 134 arrows
 s - 37 poisoned darts
 G - 97 sling bullets
Armour
 k - a +2 cloak (worn)
 m - a +2 pair of gloves (worn)
 o - a +2 hat (worn)
 y - a +1 pair of boots (worn)
 J - +0 steam dragon scales (worn)
Magical Staves
 w - a staff of death
Jewellery
 v - a ring of ice
 D - a ring of resist corrosion
 E - a ring of wizardry
 I - a ring of poison resistance (left hand)
Wands
 c - a wand of flame (20)
 x - a wand of iceblast (11)
 C - a wand of paralysis (4)
Scrolls
 e - 5 scrolls of teleportation
 r - a scroll of identify {@r1}
Potions
 f - a potion of ambrosia {unknown}
 l - 2 potions of berserk rage
 q - a potion of curing {unknown}
 t - 2 potions of heal wounds
 u - a potion of cancellation {unknown}
 F - a potion of attraction {unknown}
 H - a potion of might {unknown}


   Skills:
 + Level 2.5 Fighting
 - Level 2.4 Dodging
 - Level 2.4 Stealth
 - Level 6.6 Spellcasting
 + Level 8.5 Conjurations
 * Level 8.2 Ice Magic


You had 3 spell levels left.
You knew the following spells:

 Your Spells              Type           Power      Damage    Failure   Level
a - Magic Dart            Conj           100%       1d8       1%          1
b - Searing Ray           Conj           98%        3d7       1%          2
c - Frozen Ramparts       Ice            94%        1d11      1%          3
d - Iskenderun's Mystic   Conj/Tloc      28%        2d7       13%         4
e - Stone Arrow           Conj/Erth      56%        3d10      3%          3
f - Blink                 Tloc           N/A        N/A       12%         2
g - Passwall              Tmut/Erth      5%         N/A       12%         2

Your spell library contained the following spells:

 Spells                   Type           Power      Damage    Failure   Level
 Ozocubu's Armour         Ice            47%        N/A       1%          3
 Dazzling Flash           Conj/Hex       56%        N/A       3%          3
 Sandblast                Erth           14%        2d6       8%          1
 Sting                    Tmut/Pois      28%        1d4       8%          1
 Poisonous Vapours        Pois/Air       14%        N/A       12%         2
 Slow                     Hex            7%         N/A       12%         2
 Confusing Touch          Hex            7%         N/A       22%         3
 Vampiric Draining        Necr           3%         2d6       22%         3
 Fulminant Prism          Conj/Hex       14%        3d9       13%         4
 Ice Form                 Ice/Tmut       27%        N/A       14%         4
 Summon Ice Beast         Ice/Summ       27%        N/A       14%         4
 Metabolic Englaciation   Hex/Ice        13%        N/A       36%         5
 Olgreb's Toxic Radiance  Pois           7%         N/A       58%         4
 Manifold Assault         Tloc           7%         N/A       91%         5
 Simulacrum               Ice/Necr       13%        N/A       91%         6
 Ozocubu's Refrigeration  Ice            23%        4d9       91%         7
 Malign Gateway           Summ/Tloc      3%         N/A       100%        7
 Storm Form               Tmut/Air       3%         N/A       100%        7
 Summon Horrible Things   Summ           3%         N/A       100%        8


Dungeon Overview and Level Annotations

Branches:
Dungeon (8/15)             Temple (0/1) D:6
   Lair: D:8-11

Altars:
Cheibriados
Kikubaaqudgha
Nemelex Xobeh
Uskayaw

Shops:
D:6 *

Annotations:
D:5 2 runed translucent doors, flotson's ghost, weakling MfDe
D:8 Harold


Message History

(Press . to maintain the ray.)
The searing ray hits the ice beast!
You kill the ice beast!
You can now pass through a line of other dancers.
You finish channelling your searing ray.
Found 18 stones.
You can no longer pass through a line of other dancers.
d - 158 stones (gained 18) Magic restored.
p - 134 arrows (gained 23)
Found a stone staircase leading down.
Found 2 dark potions.
You pick up a Grand Grimoire and begin reading...
You add the spells Malign Gateway and Summon Horrible Things to your library.
Harold the Weathered comes into view.
He is wielding a +0 short sword.
Found 14 gold pieces.
Harold fires a harpoon shot at you. The harpoon shot hits you!
You are yanked forward by the harpoon shot.
Harold says, "Listen, it's nothing personal.
It's just a job."
Casting: Searing Ray (safe; 1% risk of failure)
Confirm with . or Enter, or press ? or * to list all spells.
Aiming: Searing Ray (safe; 1% risk of failure)
Press: ? - help, Shift-Dir - straight line, f - Harold
Aim: Harold, wielding a +0 short sword, wearing a +0 scale mail and quivering a throwing net (90% to hit)
The searing ray hits Harold!
Harold is lightly wounded. (Press . to maintain the ray.) Harold hits you but does no damage.
The searing ray misses Harold.
Harold barely misses you.
The searing ray hits Harold!
Harold is moderately wounded.
Harold hits you with a +0 short sword!
You can now pass through a line of other dancers.
The searing ray hits Harold!!
Harold is severely wounded.
You finish channelling your searing ray.
Harold hits you with a +0 short sword. Harold hits you with a +0 short sword!!
You die...

#.#.# #.#.####### # ##
##.#.......##.### #.
#. ........@.......
..##.###.#.....@.##..#
###...............#
....>............#
##...............#
...........!.....#
..##....#.......#
#....#..######
#....#...# #....#.#$#


You could see Harold.

Vanquished Creatures
  Sigmund (D:3)
  A steam dragon (D:7)
  2 water moccasins
  A sky beast (D:7)
  A black bear (D:6)
  A necrophage (D:6)
  An ice beast (D:8)
  An ogre (D:4)
  2 centaurs (D:7)
  A kobold brigand (D:6)
  A bullfrog (D:5)
  A water moccasin zombie (D:5)
  2 wyvern skeletons
  A hound (D:5)
  Crazy Yiuf (D:2)
  A bullfrog zombie (D:6)
  A gnoll shaman (D:5)
  A jelly (D:4)
  2 centaur skeletons
  Natasha (D:2)
  2 iguanas
  Ijyb (D:3)
  A hound skeleton (D:5)
  9 adders
  3 gnolls (D:5)
  A shadow imp (D:5)
  A white imp (D:6)
  2 ufetubi (D:6)
  An adder skeleton (D:4)
  A worm (D:2)
  2 dart slugs
  6 orcs
  7 ball pythons
  3 endoplasms
  2 giant cockroaches
  3 hobgoblins
  14 kobolds
  2 quokkas
  5 bats
  5 frilled lizards
  A goblin (D:2)
  A rat (D:3)
97 creatures vanquished.

Vanquished Creatures (others)
  2 fungi (D:2)
  11 plants (D:1)
13 creatures vanquished.

Grand Total: 110 creatures vanquished

Notes
Turn   | Place    | Note
-------+----------+-------------------------------------------
     0 | D:1      | dolemite99 the Deep Elf Conjurer began the quest for the
                  | Orb.
     0 | D:1      | Reached XP level 1. HP: 10/10 MP: 6/6
   337 | D:1      | Reached XP level 2. HP: 10/15 MP: 0/8
   587 | D:1      | Learned a level 2 spell: Searing Ray
   742 | D:1      | Found a faded altar of an unknown god.
   744 | D:1      | Became a worshipper of Uskayaw the Reveller
   744 | D:1      | Reached * piety under Uskayaw
   949 | D:1      | Reached ** piety under Uskayaw
   950 | D:1      | Reached skill level 5 in Conjurations
  1572 | D:2      | Found a runed translucent door.
  1573 | D:2      | Noticed Crazy Yiuf
  1579 | D:2      | Killed Crazy Yiuf
  1580 | D:2      | Reached XP level 3. HP: 19/19 MP: 5/10
  2180 | D:2      | Reached XP level 4. HP: 24/24 MP: 6/12
  2564 | D:2      | Noticed Natasha
  2569 | D:2      | Killed Natasha
  2663 | D:3      | Noticed Ijyb
  2672 | D:3      | Killed Ijyb
  2996 | D:3      | Learned a level 3 spell: Frozen Ramparts
  3001 | D:3      | Learned a level 4 spell: Iskenderun's Mystic Blast
  3078 | D:3      | Reached XP level 5. HP: 28/28 MP: 8/14
  3170 | D:3      | Noticed Sigmund
  3194 | D:3      | Killed Sigmund
  3195 | D:3      | Reached skill level 5 in Spellcasting
  3195 | D:3      | Reached XP level 6. HP: 10/32 MP: 7/16
  3865 | D:3      | You fall into a shaft and drop 1 floor!
  4395 | D:4      | Reached skill level 1 in Ice Magic
  5001 | D:4      | Reached XP level 7. HP: 29/36 MP: 13/18
  5630 | D:5      | Entered Level 5 of the Dungeon
  5740 | D:5      | Reached *** piety under Uskayaw
  6034 | D:5      | Found a runed translucent door.
  6035 | D:5      | Noticed flotson's ghost (weakling MfDe)
  6204 | D:5      | Found a runed translucent door.
  6559 | D:5      | Reached skill level 5 in Ice Magic
  7361 | D:6      | Found a staircase to the Ecumenical Temple.
  7525 | D:6      | Reached XP level 8. HP: 32/41 MP: 0/19
  7705 | D:6      | Found a sparkling altar of Nemelex Xobeh.
  7771 | D:6      | Found an ancient bone altar of Kikubaaqudgha.
  7947 | D:6      | Found Nyvyddo Qeism's Serpentskin Sales.
  7981 | D:6      | Bought a ring of poison resistance for 240 gold pieces
  8154 | D:6      | Reached skill level 1 in Fighting
  9077 | D:7      | Learned a level 3 spell: Stone Arrow
  9080 | D:7      | Learned a level 2 spell: Blink
  9083 | D:7      | Learned a level 2 spell: Passwall
  9549 | D:7      | Found a snail-covered altar of Cheibriados.
  9779 | D:7      | Noticed a two-headed ogre
 10039 | D:8      | Noticed Harold
 10046 | D:8      | Slain by Harold

Illustrated notes

Levels and vault maps discovered:
D:1:      dpeg_arrival_refuge, layout_basic, chequers_ecumenical_altar_twisty,
          lexackson_kobold_supper
D:2:      layout_loops_corners, small_statue_intersection, uniq_natasha,
          uniq_crazy_yiuf_cottage
D:3:      layout_basic, eino_curves_02, uniq_sigmund, uniq_ijyb
D:4:      layout_basic, kennysheep_path_1
D:5:      layout_basic, ebering_ghost_sewer_f, corexii_leaking_fountain,
          chequers_serial_rivers_small_3, kennysheep_another_room
D:6:      layout_gridville, nemelex_xobeh_ov_fountains_minmay,
          marbit_many_paths, minmay_temple_entry_offerings, guppyfry_shop_venom
D:7:      layout_rooms, cheibriados_altar_1
D:8:      layout_basic, mainiacjoe_overflow_alcove_1, nicolae_ru_path_of_blood,
          mainiacjoe_overflow_catwalk_spiral, minmay_gold_behind_fungi,
          uniq_harold, uniq_erica

Skill      XL: |  1  2  3  4  5  6  7  8 |
---------------+-------------------------+-----
Conjurations   | 5 6 7 8 |  8.5
Spellcasting   | 4 5 6 |  6.6
Ice Magic      | 2 6 8 |  8.2
Fighting       | 2 |  2.5
Dodging        | |  2.4
Stealth        | |  2.4

Action                   |  1- 3 |  4- 6 |  7- 9 || total
-------------------------+-------+-------+-------++-------
Melee: Spear             |     8 |     1 |     2 ||    11
       Demon blade       |       |       |     1 ||     1
 Fire: Hunting sling     |       |       |     9 ||     9
 Cast: Magic Dart        |    23 |    17 |    37 ||    77
       Searing Ray       |    11 |    22 |    32 ||    65
  Use: Scroll            |     7 |     5 |     5 ||    17
       Potion            |       |     2 |     3 ||     5
Armor: Leather armour    |       |     7 |    31 ||    38
       Skin              |       |     1 |       ||     1
       Steam dragon scal |       |       |    16 ||    16
Dodge: Dodged            |     7 |     9 |    37 ||    53

Table legend: (Time is in decaauts)
 A = Elapsed time spent in this place.
 B = Non-inter-level travel time spent in this place.
 C = Inter-level travel time spent in this place.
 D = Time resting spent in this place.
 E = Time spent auto-exploring this place.
 F = Levels seen in this place.
 G = Mean time per level.
                   A        B        C        D        E       F      G
               +--------+--------+--------+--------+--------+-----+--------+
         Total |  10025 |   9809 |    216 |   3991 |   4305 |   8 | 1253.1 |
       Dungeon |  10025 |   9809 |    216 |   3991 |   4305 |   8 | 1253.1 |
               +--------+--------+--------+--------+--------+-----+--------+

Top non-repeatable levels by time:
     D:4: 1580 daAuts
     D:5: 1554 daAuts
     D:6: 1508 daAuts
     D:1: 1394 daAuts
     D:3: 1386 daAuts
     D:2: 1261 daAuts
     D:7: 1229 daAuts
     D:8: 110 daAuts
